 Dungeon Crawl Stone Soup version 0.19.1 (webtiles) character file.

459 Laakeri the Sneak (level 6, 0/28 HPs)
             Began as a Spriggan Enchanter on Dec 2, 2016.
             Slain by a centaur skeleton (8 damage)
             ... on level 4 of the Dungeon.
             The game lasted 00:35:31 (5563 turns).

Laakeri the Sneak (Spriggan Enchanter)              Turns: 5563, Time: 00:35:32

Health: 0/28       AC:  3    Str:  4    XL:     6   Next: 78%
Magic:  0/12       EV: 20    Int: 18    God:
Gold:   133        SH:  0    Dex: 17    Spells: 4 memorised, 3 levels left

rFire  . . .     SeeInvis +     n - +2 dagger (venom)
rCold  . . .     Gourm    .     b - +1 robe
rNeg   . . .     Faith    .     (shield restricted)
rPois  .         Spirit   .     (helmet restricted)
rElec  .         Reflect  .     (no cloak)
rCorr  .         Harm     .     (gloves unavailable)
MR     +....                    (boots unavailable)
Stlth  ++++......               (no amulet)
                                (no ring)
                                (no ring)

@: very quick
A: unfitting armour, see invisible, herbivore 3, speed 3, slow metabolism 2
a: no special abilities


You were on level 4 of the Dungeon.
You were hungry.

You visited 1 branch of the dungeon, and saw 4 of its levels.

You collected 133 gold pieces.

Inventory:

Hand Weapons
 a - a +1 dagger
 i - a +0 rapier
 n - a +2 dagger of venom (weapon)
 p - a +0 club
Armour
 b - a +1 robe (worn)
Jewellery
 f - a -2 ring of slaying
Wands
 o - a wand of digging (9/24)
Scrolls
 g - a scroll of identify
 h - 2 scrolls of remove curse
 j - a scroll of magic mapping {unknown}
 l - a scroll of noise {unknown}
Potions
 e - a potion of flight
 k - 2 potions of curing
Books
 c - a book of Maledictions

   Spells                             Type                      Level
   a - Corona                         Hexes                        1
   b - Ensorcelled Hibernation        Hexes/Ice                    2
   c - Confuse                        Hexes                        3
   d - Tukima's Dance                 Hexes                        3
   e - Dazzling Spray                 Conjuration/Hexes            3
Comestibles
 d - 2 bread rations
 m - 2 fruits


   Skills:
 * Level 3.2 Short Blades
 + Level 4.6 Dodging
 * Level 7.6 Stealth
 + Level 3.5 Spellcasting
 * Level 5.9 Hexes
 - Level 0.1 Ice Magic


You had 3 spell levels left.
You knew the following spells:

 Your Spells              Type           Power        Failure   Level  Hunger
a - Corona                Hex            ###....      1%          1    None
b - Ensorcelled Hibernat  Hex/Ice        ##....       10%         2    ##.....
c - Confuse               Hex            ###.....     4%          3    ###....
d - Tukima's Dance        Hex            ###.....     4%          3    ###....


Dungeon Overview and Level Annotations

Branches:
Dungeon (4/15)
 Temple: D:4-7

Altars:
Okawaru

Annotations:
D:4 dricus's ghost, novice GrBe


Innate Abilities, Weirdness & Mutations

You are very small and have problems with some larger weapons.
You are too small for most types of armour.
You have supernaturally acute eyesight. (SInv)
You are a herbivore.
You cover ground extremely quickly.
You need consume almost no food.


Message History

Aim: a centaur skeleton (lightly damaged, softly glowing, chance to defeat MR: 67%)
The centaur skeleton struggles to resist.
The centaur skeleton closely misses you.
Casting: Confuse
Confirm with . or Enter, or press ? or * to list all spells.
Aiming: Confuse
Press: ? - help, Shift-Dir - straight line, f/p - centaur skeleton
Aim: a centaur skeleton (lightly damaged, softly glowing, chance to defeat MR: 67%)
The centaur skeleton struggles to resist.
The centaur skeleton barely misses you.
Casting: Confuse
Confirm with . or Enter, or press ? or * to list all spells.
You don't have enough magic to cast that spell.
You hit the centaur skeleton.
The centaur skeleton is moderately damaged.
The centaur skeleton hits you.
* * * LOW HITPOINT WARNING * * *
There is a stone staircase leading up here.
The centaur skeleton hits you!
You die...

## .#....# #.⌠ .#...# ##
#.# #....# . ##.# #.#
####....# .. #.⌠.#
#.♣.##.....#
...##.#.###.##.#.M..####
.....#.....#..##.......#
.......#.....###.......#
#...Z@.## #.......#
.......#....# #......>#
.....#.###### ##.#....#
##.# #. ..#...... # ..
.###....... .# #.
....##### .. # .#..# #.


You could see a centaur skeleton.

Vanquished Creatures
  Menkaure (D:4)
  An ogre (D:4)
  3 orc wizards (D:3)
  An orc priest (D:3)
  A howler monkey skeleton (D:3)
  4 adders
  3 oozes (D:2)
  A worm (D:3)
  2 dart slugs (D:2)
  4 orcs (D:3)
  7 bats
  3 giant cockroaches
  6 goblins
  6 hobgoblins
  7 jackals
  8 kobolds
  2 quokkas (D:2)
  2 ball pythons (D:3)
  2 frilled lizards
  7 rats
71 creatures vanquished.

Vanquished Creatures (others)
  2 dancing weapons (D:3)
2 creatures vanquished.

Grand Total: 73 creatures vanquished

Notes
Turn   | Place    | Note
-------+----------+-------------------------------------------
     0 | D:1      | Laakeri the Spriggan Enchanter began the quest for the Orb.
     0 | D:1      | Reached XP level 1. HP: 9/9 MP: 5/5
   775 | D:1      | Reached XP level 2. HP: 11/13 MP: 4/6
   843 | D:1      | Reached skill level 5 in Stealth
  1033 | D:1      | Learned a level 2 spell: Ensorcelled Hibernation
  1954 | D:2      | Reached XP level 3. HP: 16/16 MP: 1/8
  2730 | D:2      | Reached XP level 4. HP: 21/21 MP: 9/9
  2928 | D:3      | Found a faded altar of an unknown god.
  3114 | D:3      | Reached skill level 5 in Hexes
  3285 | D:3      | Reached skill level 6 in Stealth
  3454 | D:3      | Found an iron altar of Okawaru.
  3922 | D:3      | Reached XP level 5. HP: 24/24 MP: 10/10
  4387 | D:4      | Noticed an ogre
  4387 | D:4      | Noticed dricus's ghost (novice GrBe)
  4390 | D:4      | Killed an ogre
  4424 | D:4      | Noticed Menkaure
  4828 | D:3      | Reached XP level 6. HP: 19/28 MP: 1/11
  5024 | D:3      | Learned a level 3 spell: Confuse
  5028 | D:3      | Learned a level 3 spell: Tukima's Dance
  5276 | D:3      | Reached skill level 7 in Stealth
  5549 | D:4      | Killed Menkaure
  5563 | D:4      | Slain by a centaur skeleton

Skill      XL: |  1  2  3  4  5  6 |
---------------+-------------------+-----
Stealth        | 5 6 7 |  7.6
Hexes          | 4 5 |  5.9
Dodging        | 4 |  4.6
Spellcasting   | 3 |  3.5
Short Blades   | 2 3 |  3.2
Ice Magic      | |  0.1

Action                   |  1- 3 |  4- 6 || total
-------------------------+-------+-------++-------
Melee: Dagger            |   109 |    88 ||   197
 Cast: Corona            |    25 |    33 ||    58
       Ensorcelled Hiber |    17 |    42 ||    59
       Confuse           |       |     4 ||     4
       Tukima's Dance    |       |     3 ||     3
  Use: Scroll            |     6 |       ||     6
       Potion            |     2 |     1 ||     3
 Stab: Sleeping          |    19 |    24 ||    43
       Distracted        |     2 |       ||     2
       Confused          |       |     2 ||     2
  Eat: Bread ration      |     1 |       ||     1
Armor: Robe              |    11 |     7 ||    18
Dodge: Dodged            |    94 |    60 ||   154
